 Dungeon Crawl Stone Soup version 0.24.0-37-gcf1ca852f1 (webtiles) character file.

Game seed: 15342848783770313178, levelgen mode: deterministic

285 PentaManta the Skirmisher (level 6, -25/39 HPs)
             Began as a Gargoyle Monk on Dec 6, 2019.
             Blown up by Ijyb (28 damage)
             ... with a disintegration bolt
             ... on level 3 of the Dungeon.
             The game lasted 00:07:11 (3450 turns).

PentaManta the Skirmisher (Gargoyle Monk)           Turns: 3450, Time: 00:07:12

Health: -25/39     AC: 12    Str: 17    XL:     6   Next: 29%
Magic:  6/6        EV: 11    Int: 10    God:
Gold:   169        SH:  0    Dex: 12    Spells: 5/5 levels left

rFire    . . .     SeeInvis .   a - +0 hand axe
rCold    . . .     Gourm    .   (no shield)
rNeg     + . .     Faith    .   g - +0 scale mail
rPois    ∞         Spirit   .   (no helmet)
rElec    +         Reflect  .   (no cloak)
rCorr    .         Harm     .   h - +0 pair of gloves
MR       .....                  (no boots)
Stlth    +.........             (no amulet)
HPRegen  0.13/turn              (no ring)
MPRegen  0.10/turn              (no ring)

@: hasted, very quick
A: negative energy resistance 1, electricity resistance, unbreathing,
petrification resistance, rot immunity, AC +4
a: no special abilities


You were on level 3 of the Dungeon.
You were very hungry.

You visited 1 branch of the dungeon, and saw 4 of its levels.
You also visited: Sewer.

You collected 169 gold pieces.

Inventory:

Hand Weapons
 a - a +0 hand axe (weapon)
 n - a +0 dagger
Armour
 g - a +0 scale mail (worn)
 h - a +0 pair of gloves (worn)
 m - a +0 chain mail
Wands
 b - a wand of polymorph (10)
Scrolls
 e - 3 scrolls of fear {unknown}
 f - 2 scrolls of amnesia
 j - 2 scrolls of fog {unknown}
 o - a scroll of enchant weapon {unknown}
 p - a scroll of blinking {unknown}
Potions
 d - 3 potions of might
 i - 2 potions of haste
 l - 4 potions of magic
Comestibles
 c - 6 rations


   Skills:
 + Level 4.6 Fighting
 + Level 3.9 Axes
 + Level 3.0 Armour
 + Level 3.4 Dodging
 - Level 2.1 Stealth


You had 5 spell levels left.
You didn't know any spells.
Your spell library was empty.

Dungeon Overview and Level Annotations

Branches:
Dungeon (4/15)              Sewer (visited)
 Temple: D:4-7

Altars:
Ru
Sif Muna

Annotations:
D:3 Ijyb


Innate Abilities, Weirdness & Mutations

You are resistant to torment.
Your stone body is resilient. (AC +4)
You are immune to poison.
You resist negative energy. (rN+)
You are resistant to electric shocks. (rElec)
You can survive without breathing.
You are immune to petrification.
You are immune to rotting.


Message History

You closely miss Ijyb.
Ijyb is lightly wounded.
Ijyb hits you but does no damage.
You slash Ijyb!
Ijyb is heavily wounded.
Ijyb zaps a wand.
You are blasted!
Ouch! That really hurt!
* * * LOW HITPOINT WARNING * * *
You barely miss Ijyb.
Ijyb is heavily wounded.
Ijyb hits you but does no damage.
You feel yourself speed up. Ijyb completely misses you.
You hit Ijyb but do no damage.
Ijyb is heavily wounded.
Ijyb hits you but does no damage.
You barely miss Ijyb.
Ijyb is heavily wounded.
Ijyb zaps a wand.
You are blasted!
Ouch! That really hurt!
You die...

##.#.'..♣.♣...'.#
.....#≈≈♣♣.♣≈≈###
##.####≈≈..≈≈##
##.# ###≈..≈## ...#
.##''##
#######^#...#
........#...#
#######.###.######
...............g@#
#######..#####.###
#...# #.#
#######.#.# #.#
........#.# #.#
#####.#.#.# #.#
#.#.#.# #.#
#.#.#.####.####
#####.#..÷........#


You could see Ijyb.

Vanquished Creatures
  A crimson imp (D:2)
  Natasha (thrice) (D:3)
  7 adders
  4 river rats (Sewer)
  A worm (D:2)
  6 dart slugs
  3 leopard geckos (D:3)
  3 orcs (D:3)
  4 ball pythons (Sewer)
  4 giant cockroaches
  5 goblins
  2 hobgoblins
  A quokka (D:3)
  4 bats
  9 frilled lizards
  5 kobolds
  10 rats
72 creatures vanquished.

Notes
Turn   | Place    | Note
-------+----------+-------------------------------------------
     0 | D:1      | PentaManta the Gargoyle Monk began the quest for the Orb.
     0 | D:1      | Reached XP level 1. HP: 14/14 MP: 1/1
   111 | D:1      | Reached XP level 2. HP: 14/19 MP: 2/2
   281 | D:1      | Reached skill level 1 in Armour
   499 | D:2      | Noticed a crimson imp
   552 | D:2      | Killed a crimson imp
   552 | D:2      | Reached XP level 3. HP: 11/24 MP: 3/3
   731 | D:2      | Reached XP level 4. HP: 23/29 MP: 4/4
  1059 | D:2      | Reached skill level 4 in Fighting
  1459 | D:2      | Found a shimmering blue altar of Sif Muna.
  1689 | D:3      | Found a sacrificial altar of Ru.
  1721 | D:3      | Found a glowing drain.
  1731 | D:3      | Reached XP level 5. HP: 29/33 MP: 5/5
  1783 | Sewer    | Entered a sewer
  1922 | Sewer    | HP: 1/33 [river rat (2)]
  2836 | D:3      | Noticed Natasha
  2845 | D:3      | Killed Natasha
  2968 | D:3      | Reached XP level 6. HP: 35/39 MP: 6/6
  3071 | D:3      | Noticed Natasha
  3087 | D:3      | Killed Natasha
  3261 | D:3      | Noticed Natasha
  3279 | D:3      | Killed Natasha
  3426 | D:4      | Noticed Ijyb
  3450 | D:3      | Blown up by Ijyb

Levels and vault maps discovered:
D:1:      scummos_arrival_star, layout_rooms
D:2:      layout_basic, lemuel_blue_sif_altar
D:3:      layout_basic, old_standard_altar, portal_sewer_entry_f,
          kennysheep_generic_room_3, uniq_natasha
D:4:      layout_cave_pools, overflow_temple_1_default, first_ration, uniq_ijyb

Skill      XL: |  1  2  3  4  5  6 |
---------------+-------------------+-----
Armour         | 1 2 3 |  3.0
Axes           | 3 |  3.9
Fighting       | 4 |  4.6
Dodging        | 3 |  3.4
Stealth        | |  2.1

Action                   |  1- 3 |  4- 6 || total
-------------------------+-------+-------++-------
Melee: Hand axe          |    79 |   191 ||   270
       Dagger            |       |   196 ||   196
  Use: Scroll            |       |     6 ||     6
       Potion            |       |     6 ||     6
 Stab: Sleeping          |     2 |     2 ||     4
  Eat: Chunk             |       |     8 ||     8
Armor: Robe              |    22 |     2 ||    24
       Ring mail         |       |   121 ||   121
       Scale mail        |       |    35 ||    35
       Chain mail        |       |    46 ||    46
       Skin              |       |     1 ||     1
Dodge: Dodged            |    40 |   238 ||   278
